 Dungeon Crawl Stone Soup version 0.23.2-1-ga50397a6bc (webtiles) character file.

Game seed: 1092516286670371994

5397 OMOHnopBeT the Fighter (level 10, -12/94 HPs)
             Began as a Minotaur Fighter on May 3, 2019.
             Was a Priest of Okawaru.
             Killed from afar by Erica (23 damage)
             ... with an orb of energy
             ... on level 8 of the Dungeon.
             The game lasted 00:30:39 (9428 turns).

OMOHnopBeT the Fighter (Minotaur Fighter)           Turns: 9428, Time: 00:30:39

Health: -12/94     AC:  9    Str: 23    XL:     10   Next: 40%
Magic:  22/22      EV:  8    Int:  8    God:    Okawaru [***...]
Gold:   401        SH: 11    Dex: 11    Spells: 7/9 levels left

rFire    + + .     SeeInvis .   g - +2 dagger (venom)
rCold    + . .     Gourm    .   c - +1 shield
rNeg     . . .     Faith    .   r - +2 ring mail "Uxeor" {rPois rF+ MP+9 Int+3}
rPois    +         Spirit   .   (helmet restricted)
rElec    .         Reflect  .   w - scarf {rC+ rF+}
rCorr    +         Harm     .   (no gloves)
MR       .....                  (no boots)
Stlth    +.........             (no amulet)
HPRegen  0.25/turn              b - ring of resist corrosion
MPRegen  0.18/turn              (no ring)

@: slowed, very slow
A: retaliatory headbutt, horns 2
a: Heroism, Renounce Religion


You were on level 8 of the Dungeon.
You worshipped Okawaru.
Okawaru was most pleased with you.
You were not hungry.

You visited 2 branches of the dungeon, and saw 9 of its levels.

You collected 401 gold pieces.

Inventory:

Hand Weapons
 a - a +0 long sword
 g - a +2 dagger of venom (weapon)
Missiles
 e - 6 tomahawks (quivered)
Armour
 c - a +1 shield (worn)
 r - the +2 ring mail "Uxeor" (worn) {rPois rF+ MP+9 Int+3}
   (You found it on level 5 of the Dungeon)

   It affects your intelligence (+3).
   It protects you from fire.
   It protects you from poison.
   It affects your magic capacity (+9).
 w - a scarf of resistance (worn)
Jewellery
 b - a ring of resist corrosion (left hand)
 y - an uncursed amulet of harm
Wands
 l - a wand of iceblast (31)
 z - a wand of polymorph (7)
Scrolls
 h - a scroll of magic mapping
 j - 2 scrolls of enchant armour
 s - a scroll of blinking
 t - a scroll of fog
 v - 2 scrolls of enchant weapon
Potions
 d - a potion of might
 i - 3 potions of lignification
 k - 3 potions of curing
 m - 3 potions of flight
 n - 4 potions of heal wounds
 o - 2 potions of mutation
 q - 3 potions of agility
 x - a potion of cancellation
Comestibles
 f - 25 rations


   Skills:
 * Level 10.9 Fighting
 - Level 9.0 Long Blades
 + Level 9.9 Armour
 + Level 5.9 Shields
 + Level 6.1 Invocations


You had 7 spell levels left.
You knew the following spells:

 Your Spells              Type           Power        Failure   Level  Hunger
a - Corona                Hex            #......      90%         1    ##.....
b - Infusion              Chrm           #...         90%         1    ##.....

Your spell library contained the following spells:

 Spells                   Type           Power        Failure   Level  Hunger
 Ensorcelled Hibernation  Hex/Ice        #.....       97%         2    ###....
 Shroud of Golubria       Chrm/Tloc      #.........   97%         2    ###....
 Song of Slaying          Chrm           #.......     97%         2    ###....
 Confuse                  Hex            #.......     99%         3    ####...
 Dazzling Spray           Conj/Hex       #.....       99%         3    ####...
 Regeneration             Chrm/Necr      #.........   99%         3    ####...
 Spectral Weapon          Hex/Chrm       #.......     99%         3    ####...
 Tukima's Dance           Hex            #.......     99%         3    ####...


Dungeon Overview and Level Annotations

Branches:
Dungeon (8/15)             Temple (1/1) D:5            Lair (0/6) D:8

Altars:
Ashenzari
Cheibriados
Dithmenos
Elyvilon
Fedhas
Gozag
Hepliaklqana
Kikubaaqudgha
Makhleb
Nemelex Xobeh
Okawaru
Qazlal
Ru
Sif Muna
Trog
Uskayaw
Vehumet
Wu Jian
Xom
Yredelemnul
Zin
The Shining One

Annotations:
D:8 Erica


Innate Abilities, Weirdness & Mutations

You reflexively headbutt those who attack you in melee.
You have a pair of horns on your head.


Message History

Throwing (i - inventory)
e - 7 tomahawks (quivered)
Press: ? - help, Shift-Dir - straight line
Aim: Disturbance You throw a tomahawk.
You hear a splash.
You hear some strange, mumbled words.
An orb of energy appears from out of thin air!
The orb of energy hits you!!
You hear some strange, mumbled words.
An orb of energy appears from out of thin air!
The orb of energy hits you!!
* * * LOW HITPOINT WARNING * * *
You're too confused!
Something tries to affect you, but you resist.
You feel less confused.
As you read the scroll labeled KOAXATT QEBLO, it crumbles to dust.
The scroll dissolves into smoke.
It was a scroll of fog.
You hear some strange, mumbled words.
An orb of energy appears from out of thin air!
The orb of energy hits you!!
You die...

..≈...≈≈.....# #.....
..≈≈.≈.≈≈≈.≈..# #.....
≈.≈≈.≈.≈≈≈≈≈..## #####.
.≈≈≈≈≈.≈≈≈≈..... #.
.(≈≈≈≈.≈≈≈..≈... .
..≈≈≈≈.≈≈.≈≈.....
..≈≈≈§..≈§≈≈.....
.≈≈≈..§§§≈≈{≈.... ##
.≈≈≈.≈§@§≈≈≈≈≈.. #.
≈≈≈...§§§≈≈≈≈≈## ##.
≈≈≈.≈§§.§≈≈≈≈≈# #..
.≈≈≈....≈≈≈≈≈≈########..
≈≈≈≈.≈.≈.≈≈≈≈≈..).......
..≈≈≈≈≈≈≈≈.≈≈≈..)))).#..
..≈≈≈≈≈≈≈≈≈...######.##.
≈≈≈.≈.≈≈≈≈≈.≈.# #.###
≈....≈≈.≈.≈...# #.#


There were no monsters in sight!

Vanquished Creatures
  A two-headed ogre (D:8)
  Joseph (D:7)
  A troll (D:8)
  4 hippogriffs
  Menkaure (D:4)
  2 orc warriors
  An ice beast (D:8)
  A black bear (D:8)
  A sky beast (D:7)
  3 ogres
  2 wolves (D:8)
  A bullfrog (D:7)
  A wyvern zombie (D:7)
  7 wights
  5 electric eels (D:8)
  A howler monkey (D:6)
  2 crimson imps (D:6)
  2 centaur zombies (D:7)
  A jelly (D:7)
  12 orc wizards
  A bullfrog zombie (D:6)
  9 hounds
  7 orc priests
  A centaur skeleton (D:7)
  3 bullfrog skeletons
  Terence (D:3)
  An iguana (D:5)
  Natasha (twice) (D:3)
  11 worker ants
  Ijyb (D:3)
  A hound skeleton (D:7)
  2 worker ant zombies
  Robin (D:2)
  10 gnolls
  6 adders
  3 shadow imps
  An adder skeleton (D:6)
  2 worms
  A dart slug (D:1)
  2 leopard geckos
  40 orcs
  A ball python (D:1)
  9 bats
  6 giant cockroaches
  2 gnoll zombies (D:2)
  23 goblins
  14 hobgoblins
  10 jackals
  9 kobolds
  2 quokkas
  3 frilled lizards
  A leopard gecko skeleton (D:4)
  A quokka skeleton (D:7)
  9 rats
246 creatures vanquished.

Vanquished Creatures (others)
  An adder (D:8)
  2 orcs (D:8)
3 creatures vanquished.

Grand Total: 249 creatures vanquished

Notes
Turn   | Place    | Note
-------+----------+-------------------------------------------
     0 | D:1      | OMOHnopBeT the Minotaur Fighter began the quest for the
                  | Orb.
     0 | D:1      | Reached XP level 1. HP: 19/19 MP: 0/0
   264 | D:1      | Reached XP level 2. HP: 24/27 MP: 1/1
   599 | D:1      | Reached skill level 4 in Fighting
   999 | D:2      | Reached XP level 3. HP: 33/33 MP: 2/2
  1002 | D:2      | Noticed Robin
  1018 | D:2      | Killed Robin
  1039 | D:2      | Reached XP level 4. HP: 34/41 MP: 3/3
  1343 | D:2      | Found a hazy altar of Hepliaklqana.
  1502 | D:2      | Found a basalt altar of Yredelemnul.
  1701 | D:3      | Noticed Ijyb
  1711 | D:3      | Killed Ijyb
  1711 | D:3      | Reached XP level 5. HP: 38/47 MP: 4/4
  1757 | D:3      | Noticed Terence
  1768 | D:3      | Killed Terence
  1768 | D:3      | Reached skill level 5 in Long Blades
  1983 | D:3      | Found a white marble altar of Elyvilon.
  2184 | D:3      | Noticed Natasha
  2196 | D:3      | Killed Natasha
  2334 | D:3      | Reached skill level 5 in Armour
  2421 | D:3      | Noticed Natasha
  2428 | D:3      | Killed Natasha
  2428 | D:3      | Reached skill level 5 in Fighting
  2459 | D:4      | Reached XP level 6. HP: 52/56 MP: 5/5
  2532 | D:4      | Noticed Menkaure
  2541 | D:4      | Killed Menkaure
  2834 | D:4      | Reached XP level 7. HP: 60/62 MP: 6/6
  3152 | D:5      | Entered Level 5 of the Dungeon
  3198 | D:5      | Found a blossoming altar of Fedhas.
  3233 | D:5      | Reached skill level 6 in Fighting
  3499 | D:5      | Got a crude ring mail
  3510 | D:5      | Identified the +2 ring mail "Uxeor" {rPois rF+ MP+9 Int+3}
                  | (You found it on level 5 of the Dungeon)
  3982 | D:5      | Found a staircase to the Ecumenical Temple.
  3988 | Temple   | Entered the Ecumenical Temple
  3997 | Temple   | Became a worshipper of Warmaster Okawaru
  4417 | D:6      | Reached XP level 8. HP: 68/71 MP: 7/7
  4472 | D:6      | Reached skill level 1 in Invocations
  4502 | D:6      | Learned a level 1 spell: Corona
  4765 | D:6      | Noticed a hippogriff
  4776 | D:6      | Killed a hippogriff
  4776 | D:6      | Reached * piety under Okawaru
  4776 | D:6      | Reached skill level 7 in Fighting
  4982 | D:6      | Found a shattered altar of Ashenzari.
  5524 | D:7      | Noticed a hippogriff
  5556 | D:6      | Killed a hippogriff
  5556 | D:6      | Reached ** piety under Okawaru
  5556 | D:6      | Reached skill level 8 in Fighting
  5556 | D:6      | Reached XP level 9. HP: 38/81 MP: 10/10
  6334 | D:7      | Reached skill level 9 in Fighting
  6361 | D:7      | Reached skill level 5 in Invocations
  6570 | D:7      | Learned a level 1 spell: Infusion
  6593 | D:7      | Found a hide-covered altar of Uskayaw.
  6593 | D:7      | Found an opulent altar of Gozag.
  6634 | D:7      | Noticed Joseph
  6651 | D:7      | Killed Joseph
  6953 | D:8      | Reached *** piety under Okawaru
  6973 | D:8      | Reached skill level 10 in Fighting
  6985 | D:8      | Reached skill level 5 in Shields
  6985 | D:8      | Reached XP level 10. HP: 51/93 MP: 13/13
  7182 | D:8      | Found a staircase to the Lair.
  8629 | D:8      | Noticed a two-headed ogre
  8649 | D:8      | Killed a two-headed ogre
  9356 | D:8      | Noticed Erica
  9428 | D:8      | Killed from afar by Erica

Skill      XL: |  1  2  3  4  5  6  7  8  9 10 |
---------------+-------------------------------+-----
Long Blades    | 3 4 5 6 8 9 |  9.0
Fighting       | 4 5 6 8 10 | 10.9
Armour         | 4 5 6 8 9 |  9.9
Invocations    | 3 5 6 |  6.1
Shields        | 5 |  5.9

Action                   |  1- 3 |  4- 6 |  7- 9 | 10-12 || total
-------------------------+-------+-------+-------+-------++-------
Melee: Long sword        |    27 |     5 |       |       ||    32
       Headbutt          |    14 |    35 |   122 |    24 ||   195
       Dagger            |    53 |   141 |   503 |   102 ||   799
Throw: Tomahawk          |       |       |     7 |     9 ||    16
Invok: Heroism           |       |       |    12 |     8 ||    20
  Use: Scroll            |       |     9 |     6 |     1 ||    16
  Eat: Chunk             |     1 |     5 |    14 |     4 ||    24
       Ration            |       |       |       |     1 ||     1
Armor: Scale mail        |    28 |    22 |       |       ||    50
       Chain mail        |       |    25 |    17 |       ||    42
       Ring mail         |       |       |    99 |    14 ||   113
Dodge: Dodged            |    21 |    38 |   118 |    33 ||   210
Block: Shield            |    30 |    60 |   188 |    36 ||   314
       Rpst.: Long sword |     4 |       |       |       ||     4
